Map: World of Sleepers LE

Players

Reynor

  • Race: Zerg Zerg
  • Spawn Location: 1:00

Zest - Winner!

  • Race: Protoss Protoss
  • Spawn Location: 7:00

VOD

Have the link to the VOD?

Description

Time

  • Played on: Jan. 7, 2020, 7:08 p.m.
  • Length: 15:01
Show
View Real Time Build Order
Export as new Build Order

Reynor Zerg 

Build Orders: Hatch First 

Get SALT Encoding   

  12  0:00  Drone  
  13  0:12  Overlord  
  13  0:17  Drone  
  14  0:30  Drone x2  
  16  0:47  Hatchery  
  15  0:51  Drone  
  15  0:54  Drone  
  17  0:57  Drone  
  18  1:08  Extractor  
  17  1:13  Spawning Pool  
  17  1:16  Drone  
  17  1:19  Drone  
  18  1:27  Drone  
  19  1:39  Drone  
  20  1:49  Overlord  
  20  2:00  Queen x2  
  20  2:01  Zergling x4  
  26  2:10  Drone  
  26  2:11  Drone  
  28  2:24  Drone x2  
  30  2:33  Drone x2  
  32  2:38  Hatchery  
  32  2:40  Pneumatized Carapace  
  31  2:48  Drone  
  31  2:51  Overlord  
  32  2:53  Drone x2  
  34  2:59  Queen  
  36  3:09  Drone x2  
  36  3:10  Drone x2  
  36  3:11  Drone  
  41  3:15  Metabolic Boost  
  41  3:18  Overlord  
  41  3:22  Drone  
  41  3:26  Queen  
  44  3:32  Overlord  
  44  3:37  Zergling x4  
  44  3:39  Drone x2  
  44  3:41  Overlord  
  48  3:44  Spore Crawler  
  47  3:49  Queen  
  47  3:51  Drone x2  
  47  3:54  Spore Crawler  
  47  3:55  Drone  
  51  3:57  Zergling x2  
  51  4:02  Spore Crawler, Drone  
  53  4:06  Drone x2  
  55  4:12  Drone x3  
  55  4:14  Drone x2  
  55  4:16  Drone x2  
  61  4:18  Drone  
  61  4:22  Evolution Chamber  
  61  4:23  Zergling x2  
  62  4:26  Zergling x2  
  62  4:29  Queen  
  65  4:32  Overlord  
  65  4:33  Zergling x2  
  66  4:40  Overlord  
  65  4:48  Zerg Melee Weapons Level 1  
  65  4:50  Overlord  
  65  4:58  Queen  
  65  4:59  Zergling x12  
  74  5:00  Zergling x2  
  74  5:08  Spore Crawler, Drone  
  74  5:10  Queen  
  74  5:11  Zergling x8  
  74  5:12  Zergling x4  
  82  5:15  Overlord  
  82  5:19  Drone x2  
  82  5:23  Overlord  
  81  5:28  Overlord  
  81  5:29  Drone  
  81  5:30  Drone x2  
  81  5:32  Drone  
  81  5:35  Drone x4  
  84  5:38  Drone  
  84  5:41  Drone  
  84  5:43  Drone x2  
  84  5:44  Lair  
  84  5:45  Drone x2  
  84  5:50  Drone x2  
  84  5:51  Drone x2  
  84  5:54  Drone  
  84  5:55  Drone  
  88  6:00  Spore Crawler  
  88  6:03  Spore Crawler  
  88  6:04  Drone x2  
  88  6:05  Extractor  
  88  6:08  Zergling x6, Hatchery  
  88  6:10  Drone  
  90  6:13  Overlord  
  90  6:15  Extractor  
  90  6:17  Extractor  
  88  6:20  Drone x2  
  88  6:22  Drone  
  88  6:23  Extractor, Drone  
  88  6:24  Overlord  
  88  6:25  Extractor, Evolution Chamber, Baneling Nest  
  88  6:26  Drone  
  88  6:29  Drone x2  
  88  6:30  Drone x2  
  88  6:32  Drone  
  94  6:33  Drone x2  
  94  6:37  Overlord  
  96  6:42  Overseer, Drone x3  
  96  6:45  Zerg Melee Weapons Level 2  
  96  6:46  Drone  
  98  6:50  Drone x2  
  98  6:53  Drone x3  
  103  6:59  Hydralisk Den  
  103  7:00  Zergling x8  
  103  7:01  Baneling Nest  
  102  7:02  Overlord  
  102  7:05  Zergling x8  
  106  7:15  Drone x2  
  106  7:17  Extractor  
  106  7:22  Drone x3  
  110  7:24  Infestation Pit  
  110  7:26  Drone x3  
  110  7:27  Drone x2  
  113  7:30  Muscular Augments  
  113  7:33  Centrifical Hooks  
  113  7:36  Hatchery  
  111  7:38  Drone x4  
  111  7:39  Drone x2  
  111  7:40  Hydralisk x3  
  111  7:42  Hydralisk  
  124  7:45  Drone  
  124  7:47  Hydralisk  
  127  7:52  Overlord  
  127  7:53  Hydralisk  
  127  7:55  Hydralisk x4  
  137  7:59  Drone x2  
  137  8:00  Spore Crawler, Overlord  
  137  8:04  Hive  
  138  8:07  Zerg Missile Weapons Level 1  
  138  8:14  Spore Crawler  
  138  8:15  Zergling x20  
  138  8:17  Overlord  
  147  8:27  Spire  
  146  8:28  Zergling x2  
  146  8:29  Zergling x8  
  146  8:33  Overlord  
  151  8:40  Drone x3  
  151  8:41  Drone x5  
  159  8:42  Grooved Spines  
  159  8:47  Baneling x3  
  159  8:48  Baneling x13  
  156  8:49  Baneling x3  
  156  8:50  Hydralisk x2, Baneling  
  156  8:51  Zergling x4  
  156  8:55  Hydralisk x2  
  162  8:56  Zergling x2  
  166  9:06  Zergling x16  
  166  9:08  Hydralisk  
  166  9:09  Zergling x10  
  156  9:13  Hydralisk  
  156  9:14  Zergling x2  
  153  9:22  Hydralisk x4  
  153  9:23  Zergling x8  
  150  9:27  Hydralisk x3  
  139  9:33  Zergling x4, Baneling x8  
  139  9:36  Hydralisk  
  139  9:37  Zergling x8  
  147  9:39  Zergling x2  
  147  9:43  Hydralisk  
  147  9:44  Queen  
  124  9:59  Hydralisk  
  114  10:03  Hydralisk x2  
  114  10:05  Hydralisk x2  
  114  10:06  Hydralisk x2  
  105  10:11  Drone x4, Spawning Pool  
  105  10:14  Extractor  
  102  10:15  Hydralisk x2  
  105  10:23  Hydralisk  
  105  10:24  Evolution Chamber  
  105  10:26  Evolution Chamber  
  103  10:29  Hydralisk x2  
  107  10:43  Drone x2  
  107  10:44  Hydralisk x3  
  107  10:47  Evolution Chamber  
  114  10:52  Hydralisk x2  
  114  10:54  Evolution Chamber  
  117  10:58  Zergling x2  
  117  10:59  Zergling x16, Queen x2  
  117  11:02  Hydralisk x2  
  117  11:03  Zergling x4  
  135  11:07  Zergling x2  
  133  11:13  Hydralisk  
  133  11:14  Zergling x4  
  133  11:17  Overlord  
  131  11:20  Zergling x2  
  131  11:23  Lair  
  127  11:27  Hydralisk x2  
  127  11:30  Overlord  
  129  11:34  Hatchery  
  128  11:44  Baneling x9  
  128  11:45  Zergling x8  
  128  11:46  Hatchery  
  131  11:50  Zergling x4  
  131  11:51  Queen  
  135  11:58  Baneling x6  
  135  12:00  Zergling x4  
  137  12:07  Zergling x2, Hydralisk  
  137  12:10  Hydralisk  
  137  12:11  Hydralisk  
  106  12:23  Hydralisk  
  106  12:24  Zergling x14  
  106  12:28  Hydralisk  
  107  12:32  Zerg Missile Weapons Level 2  
  107  12:33  Zergling x4  
  109  12:41  Zergling x2  
  109  12:43  Drone x2  
  112  12:48  Baneling x3  
  112  12:49  Baneling x5  
  112  12:51  Drone  
  112  12:54  Drone x2  
  112  12:55  Extractor  
  112  12:56  Baneling x4  
  114  12:59  Drone  
  114  13:01  Queen  
  114  13:03  Drone x5, Hydralisk x2  
  114  13:04  Zergling x4  
  128  13:05  Drone  
  128  13:06  Zergling x2, Hydralisk  
  128  13:10  Overseer  
  131  13:22  Zergling x16  
  131  13:27  Drone x2  
  140  13:31  Zergling x10  
  140  13:32  Baneling x4  
  140  13:33  Overlord  
  143  13:37  Hydralisk  
  143  13:38  Zergling x2  
  146  13:43  Hive  
  146  13:46  Zergling x6  
  148  13:54  Baneling x13  
  149  13:55  Zergling x6  
  149  13:56  Zergling x4  
  149  13:58  Zergling x2  
  149  13:59  Zergling x4  
  155  14:05  Extractor, Hydralisk  
  155  14:06  Zergling x6  
  155  14:07  Extractor  
  155  14:08  Baneling x3  
  155  14:09  Baneling x3  
  156  14:10  Overlord  
  153  14:17  Overlord  
  133  14:39  Zergling x16  
  133  14:40  Zergling x6  
Show
View Real Time Build Order
Export as new Build Order

Zest Protoss - Winner!

Build Orders: 1 Gate Expand, Oracle Opening, Phoenix Opening, Zealot Archon 

Get SALT Encoding   

  12  0:00  Probe  
  13  0:12  Probe  
  14  0:18  Pylon  
  14  0:25  Probe (Chrono Boost)  
  15  0:37  Probe (Chrono Boost)  
  15  0:38  Gateway  
  16  0:44  Probe (Chrono Boost)  
  16  0:47  Assimilator  
  17  0:51  Probe  
  18  1:03  Probe  
  19  1:15  Probe  
  20  1:25  Nexus  
  20  1:35  Cybernetics Core  
  20  1:38  Probe  
  21  1:43  Assimilator  
  21  1:50  Probe  
  21  1:53  Pylon  
  22  2:02  Probe  
  23  2:08  Adept (Chrono Boost)  
  23  2:14  Stargate  
  25  2:15  Probe  
  26  2:24  Warp Gate  
  26  2:29  Probe (Chrono Boost)  
  27  2:31  Adept  
  27  2:37  Probe (Chrono Boost)  
  31  2:45  Probe (Chrono Boost)  
  31  2:46  Probe (Chrono Boost)  
  32  2:52  Probe  
  32  2:55  Probe  
  32  2:57  Phoenix (Chrono Boost)  
  36  3:04  Probe  
  37  3:07  Probe, Pylon  
  37  3:11  Oracle (Chrono Boost)  
  38  3:16  Probe  
  38  3:19  Probe  
  43  3:21  Assimilator  
  43  3:25  Assimilator  
  43  3:28  Gateway  
  43  3:30  Probe  
  43  3:32  Probe  
  45  3:42  Probe  
  45  3:43  Stargate  
  45  3:44  Probe  
  45  3:48  Pylon  
  47  3:54  Probe  
  48  3:56  Probe, Phoenix  
  48  4:01  Pylon  
  51  4:06  Probe  
  51  4:08  Probe  
  53  4:21  Probe x2  
  55  4:26  Phoenix x2 (Chrono Boost)  
  59  4:32  Zealot  
  59  4:34  Probe x2  
  63  4:42  Phoenix x2  
  67  4:46  Pylon  
  67  5:01  Nexus  
  67  5:02  Pylon  
  67  5:05  Sentry  
  67  5:06  Sentry  
  71  5:07  Probe, Shield Battery  
  71  5:08  Probe  
  71  5:13  Pylon  
  73  5:20  Probe x2  
  75  5:35  Zealot x2  
  75  5:38  Probe  
  75  5:39  Probe  
  79  5:43  Shield Battery  
  79  5:45  Shield Battery  
  79  5:46  Pylon  
  71  5:56  Adept x2  
  75  5:57  Probe x2  
  75  6:00  Forge, Twilight Council  
  77  6:09  Probe x2 (Chrono Boost)  
  77  6:10  Shield Battery  
  79  6:18  Probe (Chrono Boost)  
  80  6:21  Probe (Chrono Boost)  
  80  6:22  Probe (Chrono Boost)  
  80  6:23  Sentry, Assimilator  
  80  6:24  Protoss Ground Weapons Level 1 (Chrono Boost)  
  80  6:25  Zealot  
  86  6:27  Probe (Chrono Boost)  
  86  6:28  Probe x2 (Chrono Boost), Assimilator  
  86  6:32  Probe (Chrono Boost)  
  89  6:33  Pylon  
  89  6:34  Charge (Chrono Boost)  
  89  6:35  Probe x2  
  89  6:37  Templar Archives  
  92  6:44  Probe  
  92  6:45  Gateway  
  92  6:47  Probe, Gateway  
  94  6:54  Gateway  
  94  6:55  Gateway  
  94  6:57  Gateway  
  94  7:03  Gateway  
  94  7:06  Gateway  
  94  7:08  Robotics Facility  
  94  7:14  Gateway  
  94  7:15  Gateway  
  94  7:19  High Templar x2  
  98  7:23  Archon  
  98  7:32  Pylon  
  98  7:41  Pylon  
  98  7:46  High Templar x2  
  98  7:50  Archon, Pylon  
  98  7:51  Pylon  
  102  7:52  Pylon, Warp Prism (Chrono Boost)  
  102  7:54  Pylon  
  102  7:57  High Templar x6  
  116  8:02  Pylon, Photon Cannon  
  116  8:03  Pylon  
  116  8:05  Archon x3, Pylon  
  116  8:06  Pylon, Photon Cannon  
  116  8:07  Zealot  
  118  8:13  Blink  
  118  8:20  Warp Prism  
  118  8:24  Protoss Shields Level 1 (Chrono Boost)  
  118  8:25  Zealot x3  
  118  8:26  Zealot  
  128  8:28  Pylon  
  128  8:36  High Templar x2  
  128  8:37  Zealot x5  
  128  8:40  Archon  
  142  8:50  Nexus  
  142  8:51  Pylon  
  142  9:04  Zealot x5  
  142  9:05  Zealot x2  
  134  9:12  Zealot x2  
  138  9:17  Zealot  
  138  9:18  Zealot  
  124  9:31  Zealot x6  
  136  9:39  Zealot x3  
  138  9:52  Zealot x6  
  111  10:02  Zealot x3  
  101  10:15  High Templar x8  
  117  10:23  Archon x3  
  117  10:24  Archon  
  117  10:25  High Templar x2, Zealot  
  121  10:29  Warp Prism  
  121  10:33  Archon  
  121  10:43  Photon Cannon  
  121  10:47  Zealot  
  121  10:48  Zealot x3  
  121  10:49  Zealot x3  
  127  11:07  Zealot x5  
  127  11:10  Zealot x3  
  133  11:16  Zealot  
  133  11:17  Zealot x2  
  115  11:36  Protoss Ground Weapons Level 2 (Chrono Boost)  
  115  11:37  High Templar x2, Observer (Chrono Boost)  
  115  11:38  High Templar x3  
  115  11:39  High Templar, Zealot x5  
  136  11:45  Archon, Assimilator  
  136  11:46  Archon x2  
  132  11:56  Observer (Chrono Boost)  
  132  11:59  Dark Shrine  
  133  12:02  Pylon  
  133  12:03  Stalker x5  
  143  12:14  Zealot x6  
  113  12:29  High Templar x2  
  101  12:30  High Templar x2, Zealot  
  101  12:33  Archon x2, Observer  
  107  12:37  Stalker x5  
  107  12:38  Stalker  
  119  12:56  Photon Cannon  
  119  12:57  Probe x3  
  122  13:00  High Templar  
  122  13:01  High Templar, Zealot x4  
  134  13:11  High Templar  
  134  13:12  High Templar, Zealot x3  
  144  13:15  Archon  
  144  13:24  Archon  
  144  13:27  Observer  
  144  13:30  High Templar x2, Zealot x2  
  144  13:33  Photon Cannon  
  152  13:34  Archon  
  149  13:50  Zealot x3  
  149  13:51  Zealot x6  
  167  14:07  High Templar x2  
  171  14:12  Archon  
  171  14:13  High Templar x4  
  171  14:14  Zealot x5  
  189  14:18  Archon  
  189  14:19  Archon  
  173  14:39  Stalker  
  173  14:40  Stalker x6  
  147  14:45  Zealot  
  147  14:46  Zealot x3  
Tags
 
Add a new tag
Caveats
  • Supply blocks, unpowered buildings, or Contaminate may cause inaccurate times.
  • Supply counts are checked every 10 seconds.